 Dungeon Crawl Stone Soup version 0.22.0 (webtiles) character file.

29152 Gorglomux the Party-goer (level 13, -6/69 HPs)
             Began as a Vine Stalker Fighter on Aug 11, 2018.
             Was a Follower of Uskayaw.
             Mangled by a death yak (17 damage)
             ... on level 5 of the Lair of Beasts.
             The game lasted 00:12:18 (13155 turns).

Gorglomux the Party-goer (Vine Stalker Fighter)    Turns: 13155, Time: 00:12:18

Health: -6/69      AC: 12    Str: 24    XL:     13   Next: 43%
Magic:  0/21       EV: 14    Int:  8    God:    Uskayaw [*.....]
Gold:   892        SH: 12    Dex: 14    Spells: 12/12 levels left

rFire    . . .     SeeInvis +   b - +4 dagger (venom)
rCold    + . .     Gourm    .   O - +0 shield
rNeg     . . .     Faith    +   X - +0 troll leather armour {Purgy}
rPois    .         Spirit   +   L - +2 hat {SInv}
rElec    .         Reflect  .   S - +1 cloak
rCorr    .         Harm     .   Z - +0 pair of gloves
MR       ++...                  T - +0 pair of boots
Stlth    +.........             v - amulet of faith
HPRegen  1.41/turn              c - ring of protection from cold
MPRegen  0.17/turn              m - ring of protection from magic

@: no status effects
A: fangs 3, regeneration 2, magic shield, antimagic bite, no potion heal 3, rot
immunity
a: Stomp, Renounce Religion


You were on level 5 of the Lair of Beasts.
You worshipped Uskayaw.
Uskayaw was aware of your devotion.
You were hungry.

You visited 3 branches of the dungeon, and saw 18 of its levels.
You also visited: Sewer.

You collected 1078 gold pieces.
You spent 186 gold pieces at shops.

Inventory:

Hand Weapons
 a - a +0 rapier
 b - a +4 dagger of venom (weapon)
Armour
 i - a +0 scale mail
 L - a +2 hat of see invisible (worn)
 O - a +0 shield (worn)
 S - a +1 cloak (worn)
 T - a +0 pair of boots (worn)
 X - a +0 troll leather armour (worn) {Purgy}
 Z - a +0 pair of gloves (worn)
Jewellery
 c - a ring of protection from cold (left hand)
 g - an uncursed ring of resist corrosion
 m - a ring of protection from magic (right hand)
 v - an amulet of faith (around neck)
 x - an uncursed ring of stealth
 H - a cursed -3 ring of slaying {unknown}
 I - an uncursed amulet of harm {unknown}
Wands
 P - a wand of paralysis (34)
Scrolls
 j - 6 scrolls of enchant armour
 p - 4 scrolls of remove curse
 q - 2 scrolls of fog
 s - 2 scrolls of amnesia
 u - 7 scrolls of teleportation
 w - 2 scrolls of immolation
 A - 2 scrolls of random uselessness
 B - 5 scrolls of blinking
 G - a scroll of fear {unknown}
 J - 4 scrolls of noise
 M - a scroll of magic mapping
 R - 3 scrolls of identify
 W - 2 scrolls of enchant weapon
Potions
 d - 2 potions of might
 h - a potion of invisibility
 k - 6 potions of brilliance
 l - 3 potions of magic
 n - 4 potions of haste
 C - a potion of lignification {unknown}
 D - a potion of degeneration {unknown}
 E - a potion of experience {unknown}
 F - 2 potions of heal wounds {unknown}
 K - 2 potions of agility
 N - 2 potions of mutation {!q}
 Q - 7 potions of curing
 U - 2 potions of cancellation
 V - 2 potions of flight
Miscellaneous
 Y - a lamp of fire
Comestibles
 f - 21 rations


   Skills:
 + Level 8.4 Fighting
 + Level 8.1 Short Blades
 + Level 7.7 Armour
 + Level 6.2 Dodging
 + Level 8.4 Shields
 + Level 9.5 Invocations
 - Level 7.8 Evocations


You had 12 spell levels left.
You didn't know any spells.
Your spell library contained the following spells:

 Spells                   Type           Power        Failure   Level  Hunger
 Lightning Bolt           Conj/Air       #.........   100%        5    ######.
 Regeneration             Chrm/Necr      #.........   98%         3    ####...
 Alistair's Intoxication  Tmut/Pois      #.......     100%        5    ######.
 Conjure Ball Lightning   Conj/Air       #.........   100%        6    #######
 Shroud of Golubria       Chrm/Tloc      #.........   86%         2    ###....
 Infusion                 Chrm           #...         75%         1    ##.....
 Song of Slaying          Chrm           #.......     86%         2    ###....
 Spectral Weapon          Hex/Chrm       #.......     98%         3    ####...
 Poisonous Vapours        Pois/Air       #.....       86%         2    ###....


Dungeon Overview and Level Annotations

Branches:
Dungeon (12/15)            Temple (1/1) D:5            Lair (5/6) D:9
 Shoals (0/4) Lair:3       Spider (0/4) Lair:4          Orc (0/2) D:11
  Slime: Lair:5-6

Altars:
Cheibriados
Dithmenos
Elyvilon
Fedhas
Gozag
Kikubaaqudgha
Makhleb
Nemelex Xobeh
Okawaru
Qazlal
Ru
Sif Muna
Uskayaw
Vehumet
Wu Jian
Xom
Yredelemnul
Zin
The Shining One

Shops:
D:5 ?

Annotations:
D:6 1 runed door, guampirotecnia's ghost, amateur MfWn
D:12 Frances
Lair:1 exclusion: oklob plant


Innate Abilities, Weirdness & Mutations

You have razor-sharp teeth.
You heal very quickly.
When hurt, damage is shared between your health and your magic reserves.
Your bite disrupts and absorbs the magic of your enemies.
Potions cannot restore your health.
You are immune to rotting.


Message History

The death butt gores the fungus!
You block the death yak's butt! The death yak gores you!!!!!!
You completely miss the death yak!
You butt the death yak!
You drain its power!
You feel invigorated!
The death yak is lightly wounded!
The death yak gores you!!!!!! * * * don't die
* * * The death yak barely misses you!
There are monsters nearby!!!
Unknown command!
Butt command!
You block the death butt's attack!
The death yak gores you! * * * don't die
* * * You block the water moccasin's attack!
There is a stone staircase leading up here!
The death yak gores you!!!!!! * * * don't die
* * * The water moccasin misses you!
The butt yak butts you!!!!!! rip

≈≈≈≈≈≈≈≈≈..............
.≈≈≈≈≈≈≈...............#
..≈≈≈≈≈≈≈..............#
...≈≈..................#
.......................#
................#......#
.......................#
.............Y.SF......#
.............YFY@......#
..............#Y#.....##
............##.#..P.##.#
.............##......#.#
.......................#
.......................#
.......................#
.............#.........#
.......................#


You could see 4 death yaks, 2 spiny frogs and a water moccasin.

Vanquished Creatures
  Gastronok (D:8)
  Erolcha (D:12)
  3 hydras
  Erica (D:9)
  Sonja (Lair:2)
  Pikel (D:8)
  2 ugly things (D:12)
  A wolf spider (Lair:4)
  A cyclops (D:12)
  6 elephants (Lair:3)
  A black mamba (Lair:4)
  A torpor snail (Lair:3)
  A centaur skeleton (D:11)
  4 spiny frogs
  8 komodo dragons
  8 blink frogs (Lair:1)
  7 hippogriffs
  A hornet (D:11)
  A snapping turtle (Lair:3)
  6 dream sheep
  A wyvern (D:9)
  21 yaks
  A hungry ghost (D:10)
  Grum (D:10)
  Eustachio (D:5)
  7 water moccasins
  3 porcupines
  Purgy (Sewer)
  3 orc warriors
  2 sky beasts
  A black bear (D:7)
  2 ice beasts
  3 phantoms
  2 necrophages
  7 ogres
  10 wolves
  10 centaurs
  4 crocodiles
  A big kobold (D:11)
  3 gnoll sergeants
  12 bullfrogs
  7 scorpions
  7 wights
  4 howler monkeys
  2 electric eels
  A crimson imp (D:10)
  2 bullfrog zombies
  5 hounds
  A bullfrog skeleton (D:6)
  5 orc priests
  9 orc wizards
  3 iguanas
  10 worker ants
  2 hound skeletons
  3 worker ant zombies
  A howler monkey skeleton (D:10)
  7 adders
  9 gnolls
  A shadow imp (D:9)
  An adder skeleton (D:6)
  2 dart slugs
  5 leopard geckos
  25 orcs
  A ball python (D:6)
  6 giant cockroaches
  3 goblins
  5 hobgoblins
  6 jackals
  7 quokkas
  14 bats
  8 frilled lizards
  5 kobolds
  9 rats
328 creatures vanquished.

Vanquished Creatures (others)
  A slave (D:8)
  A hound (D:8)
  A leopard gecko (D:8)
  4 fungi
  A plant (Lair:3)
8 creatures vanquished.

Grand Total: 336 creatures vanquished

Notes
Turn   | Place    | Note
-------+----------+-------------------------------------------
     0 | D:1      | Gorglomux the Vine Stalker Fighter began the quest for the Orb.
     0 | D:1      | Reached XP level 1. HP: 11/11 MP: 2/2
   111 | D:1      | Reached XP level 2. HP: 12/16 MP: 3/3
   409 | D:1      | Reached skill level 3 in Fighting
   464 | D:1      | Reached skill level 3 in Shields
   464 | D:1      | Reached XP level 3. HP: 19/20 MP: 4/4
   998 | D:2      | You fall through a shaft!
  1279 | D:3      | Gained mutation: Your natural rate of healing is unusually fast. [Vine Stalker growth]
  1279 | D:3      | Reached XP level 4. HP: 12/24 MP: 5/5
  1485 | D:2      | Found a radiant altar of Vehumet.
  1785 | D:2      | Reached skill level 3 in Armour
  2098 | D:3      | Found an opulent altar of Gozag.
  2495 | D:4      | Found a blossoming altar of Fedhas.
  2503 | D:4      | Noticed a phantom
  2512 | D:4      | Found a snail-covered altar of Cheibriados.
  2537 | D:4      | Noticed an ogre
  2542 | D:4      | Killed a phantom
  2542 | D:4      | Reached skill level 3 in Short Blades
  2542 | D:4      | Reached XP level 5. HP: 29/29 MP: 6/6
  2621 | D:4      | Killed an ogre
  2621 | D:4      | Reached XP level 6. HP: 24/33 MP: 4/7
  2766 | D:4      | Reached XP level 7. HP: 24/37 MP: 8/8
  3375 | D:5      | Entered Level 5 of the Dungeon
  3530 | D:5      | Found a glowing golden altar of the Shining One.
  3628 | D:5      | Found Zaigeog's Magic Scroll Shoppe.
  3631 | D:5      | Bought a scroll of teleportation for 33 gold pieces
  3631 | D:5      | Bought a scroll of magic mapping for 38 gold pieces
  3631 | D:5      | Bought a scroll of blinking for 82 gold pieces
  3631 | D:5      | Bought a scroll of identify for 22 gold pieces
  3631 | D:5      | Bought a scroll of noise for 11 gold pieces
  3756 | D:5      | Found a staircase to the Ecumenical Temple.
  3772 | Temple   | Entered the Ecumenical Temple
  3955 | Temple   | Became a worshipper of Uskayaw the Reveler
  3997 | D:5      | Found a glowing drain.
  4001 | Sewer    | Entered a sewer
  4006 | Sewer    | Reached * piety under Uskayaw
  4027 | Sewer    | Noticed Purgy
  4034 | Sewer    | Reached ** piety under Uskayaw
  4039 | Sewer    | Reached *** piety under Uskayaw
  4040 | Sewer    | Killed Purgy
  4040 | Sewer    | Reached skill level 1 in Dodging
  4040 | Sewer    | Gained mutation: You have razor-sharp teeth. [Vine Stalker growth]
  4040 | Sewer    | Reached XP level 8. HP: 40/42 MP: 9/9
  4143 | D:5      | Noticed Eustachio
  4176 | D:5      | Killed Eustachio
  4439 | D:6      | Reached **** piety under Uskayaw
  4451 | D:6      | Reached ***** piety under Uskayaw
  4761 | D:6      | Reached XP level 9. HP: 47/47 MP: 10/10
  4833 | D:6      | Found a runed door.
  4849 | D:6      | Noticed guampirotecnia's ghost (amateur MfWn)
  5190 | D:7      | Reached skill level 3 in Dodging
  5680 | D:8      | Noticed Gastronok
  5922 | D:8      | Reached skill level 6 in Fighting
  5929 | D:8      | Reached skill level 6 in Shields
  6018 | D:8      | Noticed Pikel
  6027 | D:8      | Killed Pikel
  6072 | D:8      | Found a white marble altar of Elyvilon.
  6122 | D:8      | Killed Gastronok
  6122 | D:8      | Reached skill level 6 in Short Blades
  6122 | D:8      | Reached skill level 6 in Armour
  6122 | D:8      | Reached XP level 10. HP: 30/53 MP: 6/11
  6881 | D:9      | Found a staircase to the Lair.
  7007 | D:9      | Found an iron altar of Okawaru.
  7125 | D:9      | Noticed Erica
  7139 | D:9      | Killed Erica
  7194 | D:9      | Reached XP level 11. HP: 28/58 MP: 10/12
  7702 | D:10     | Entered Level 10 of the Dungeon
  7719 | D:10     | Reached skill level 1 in Invocations
  7733 | D:10     | Reached skill level 1 in Evocations
  7843 | D:10     | Reached skill level 2 in Invocations
  8006 | D:10     | Noticed Grum
  8036 | D:10     | Killed Grum
  8226 | D:11     | Reached skill level 3 in Invocations
  8252 | D:11     | Found a staircase to the Orcish Mines.
  8257 | D:11     | Reached skill level 3 in Evocations
  8568 | D:11     | Reached skill level 4 in Invocations
  8596 | D:11     | Reached ****** piety under Uskayaw
  8792 | D:11     | Noticed a four-headed hydra
  8813 | D:11     | Killed a four-headed hydra
  8813 | D:11     | Reached skill level 5 in Invocations
  9128 | D:12     | Noticed a purple ugly thing
  9141 | D:12     | Killed a purple ugly thing
  9184 | D:12     | Noticed a cyclops
  9190 | D:12     | Noticed a white ugly thing
  9227 | D:12     | Killed a white ugly thing
  9227 | D:12     | Reached skill level 6 in Invocations
  9242 | D:12     | Killed a cyclops
  9242 | D:12     | Gained mutation: You heal very quickly. [Vine Stalker growth]
  9242 | D:12     | Reached XP level 12. HP: 36/63 MP: 13/17
  9284 | D:12     | Noticed Erolcha
  9290 | D:12     | Killed Erolcha
  9290 | D:12     | Reached skill level 6 in Evocations
  9345 | D:12     | Noticed a seven-headed hydra
  9346 | D:12     | Noticed Frances
  9415 | Lair:1   | Entered Level 1 of the Lair of Beasts
  9520 | Lair:1   | Reached skill level 7 in Invocations
  9526 | Lair:1   | Found a dark tunnel.
 10387 | Lair:2   | Identified the Collected Works on Virous Flight
 10434 | Lair:2   | Reached skill level 8 in Invocations
 10500 | Lair:2   | Noticed Sonja
 10509 | Lair:2   | Killed Sonja
 11135 | Lair:3   | Found a staircase to the Shoals.
 11226 | Lair:3   | Found a burning altar of Makhleb.
 11304 | Lair:3   | Noticed a seven-headed hydra
 11314 | Lair:3   | Killed a seven-headed hydra
 11453 | Lair:3   | Noticed a six-headed hydra
 11492 | Lair:3   | Killed a six-headed hydra
 11588 | Lair:3   | Reached skill level 9 in Invocations
 11677 | Lair:3   | Reached XP level 13. HP: 62/68 MP: 18/20
 11750 | Lair:3   | Reached skill level 6 in Dodging
 12229 | Lair:4   | Found a hole to the Spider Nest.
 13155 | Lair:5   | Mangled by a death yak

Skill      XL: |  1  2  3  4  5  6  7  8  9 10 11 12 13 |
---------------+----------------------------------------+-----
Short Blades   | 2 3 4 5 6 7 8 |  8.1
Fighting       | 3 4 5 6 7 8 |  8.4
Shields        | 3 4 5 6 7 8 |  8.4
Armour         | 3 4 5 6 7 |  7.7
Dodging        | 1 2 4 5 6 |  6.2
Invocations    | 6 9 |  9.5
Evocations     | 5 7 |  7.8

Action                   |  1- 3 |  4- 6 |  7- 9 | 10-12 | 13-15 || total
-------------------------+-------+-------+-------+-------+-------++-------
Melee: Rapier            |   101 |   123 |   217 |    73 |       ||   514
       Bite              |    21 |    36 |   140 |   333 |    83 ||   613
       Dagger            |       |       |   170 |   727 |   155 ||  1052
Invok: Line Pass         |       |       |     1 |       |       ||     1
Evoke: Wand              |       |       |       |     1 |       ||     1
  Use: Scroll            |       |       |       |    16 |     2 ||    18
 Stab: Paralysed         |       |       |     9 |    36 |     9 ||    54
       Sleeping          |       |       |     3 |       |       ||     3
  Eat: Chunk             |     1 |     5 |    11 |    21 |     4 ||    42
Armor: Scale mail        |    53 |    40 |    50 |       |       ||   143
       Troll leather arm |       |       |    49 |   159 |    17 ||   225
Dodge: Dodged            |    37 |    29 |   121 |   253 |    60 ||   500
Block: Shield            |    55 |    49 |   154 |   353 |    67 ||   678
